 Dungeon Crawl Stone Soup version 0.28.0 (webtiles) character file.

Game seed: 15963397061403812523

2445 MirrMurr the Skirmisher (level 9, -2/57 HPs)
             Began as a Gargoyle Berserker on Feb 11, 2022.
             Was a Priest of Trog.
             Slain by Erica (3 damage)
             ... on level 8 of the Dungeon.
             The game lasted 00:18:23 (8705 turns).

MirrMurr the Skirmisher (Gargoyle Berserker)        Turns: 8705, Time: 00:18:23

Health: -2/57      AC: 23    Str: 21    XL:     9   Next: 49%
Magic:  9/9        EV:  7    Int:  8    God:    Trog [***...]
Gold:   1115       SH:  7    Dex: 13    Spells: 8/8 levels left

rFire   . . .      SeeInvis .   a - +0 spear
rCold   . . .      Faith    .   E - +0 kite shield
rNeg    + . .      Spirit   .   y - +0 chain mail
rPois   ∞          Reflect  .   t - +1 helmet
rElec   +          Harm     .   C - +0 cloak
rCorr   .          Rampage  .   s - +0 pair of gloves
Will    .....                   d - +0 pair of boots
Stlth   ..........              f - amulet of the acrobat
HPRegen 0.19/turn               (no ring)
MPRegen 0.11/turn               (no ring)

@: on berserk cooldown, hasted and slowed
A: sickness immunity, AC +6, negative energy resistance 1, electricity
resistance, torment resistance 1, petrification resistance
a: Renounce Religion, Berserk, Trog's Hand


You were on level 8 of the Dungeon.
You worshipped Trog.
Trog was most pleased with you.
You visited 2 branches of the dungeon, and saw 9 of its levels.

You collected 1137 gold pieces.
You spent 22 gold pieces at shops.

Inventory:

Hand Weapons
 a - a +0 spear (weapon)
 b - a +0 hunting sling of flaming
 D - a +2 trident of pain
Missiles
 h - 270 stones (quivered)
 i - 7 boomerangs
 l - 38 sling bullets
 r - 21 poisoned darts
 B - 3 curare-tipped darts
Armour
 d - a +0 pair of boots (worn)
 s - a +0 pair of gloves (worn)
 t - a +1 helmet (worn)
 y - a +0 chain mail (worn)
 C - a +0 cloak (worn)
 E - a +0 kite shield (worn)
Jewellery
 f - an amulet of the acrobat (around neck)
 m - an amulet of magic regeneration
 A - an amulet of faith
Wands
 q - a wand of iceblast (9)
 u - a wand of paralysis (9)
 v - a wand of polymorph (19)
Scrolls
 g - 3 scrolls of teleportation
 n - a scroll of silence
Potions
 c - a potion of lignification
 e - 2 potions of attraction
 j - a potion of curing
 k - a potion of heal wounds {unknown}
 o - 2 potions of cancellation
 p - 3 potions of flight
 x - 2 potions of magic
 z - a potion of degeneration {unknown}


   Skills:
 + Level 7.2 Fighting
 * Level 6.6 Polearms
 + Level 2.2 Throwing
 + Level 6.8 Armour
 + Level 5.1 Dodging
 + Level 0.0 Shields


You had 8 spell levels left.
You didn't know any spells.
Your spell library was empty.

Dungeon Overview and Level Annotations

Branches:
Dungeon (8/15)             Temple (1/1) D:4
   Lair: D:8-11

Altars:
Ashenzari
Cheibriados
Dithmenos
Elyvilon
Fedhas
Gozag
Hepliaklqana
Kikubaaqudgha
Makhleb
Nemelex Xobeh
Okawaru
Qazlal
Sif Muna
Trog
Uskayaw
Vehumet
Wu Jian
Xom
Yredelemnul
Zin
The Shining One

Shops:
D:1 =:   D:4 **

Annotations:
D:2 bushes
D:8 Erica


Innate Abilities, Weirdness & Mutations

You are immune to sickness and miasma.
Your stone body is resilient. (AC +6)
You are immune to poison.
You resist negative energy. (rN+)
You are resistant to electric shocks. (rElec)
You are resistant to unholy torment.
You are immune to petrification.


Message History

A lance of force appears from out of thin air!
The lance of force misses you.
You barely miss something.
You are no longer berserk.
You are exhausted.
You feel as though you will be slow longer.
You hear some strange, mumbled words.
A lance of force appears from out of thin air!
The lance of force misses you.
You closely miss something. Something hits you! Something burns you.
You closely miss something.
Something hits you but does no damage. x2
You miss something. Something hits you but does no damage.
You feel better. You block something's attack. Something hits you.
Something burns you.
You feel yourself speed up. You block something's attack.
You hit something. Something hits you. Something burns you.
You miss something. Something hits you.
* * * LOW HITPOINT WARNING * * *
Something burns you.
* * * LOW HITPOINT WARNING * * *
You closely miss something. Something hits you but does no damage.
You hit something but do no damage. Something hits you but does no damage.
You miss something. Something hits you but does no damage.
You completely miss something.
You hear some strange, mumbled words.
You feel as though you will be slow longer.
You hit something but do no damage. Something hits you.
* * * LOW HITPOINT WARNING * * *
Something burns you.
* * * LOW HITPOINT WARNING * * *
You hit something. Something hits you but does no damage.
You hit something but do no damage. Something hits you but does no damage.
You feel better. Something hits you.
* * * LOW HITPOINT WARNING * * *
Something burns you.
* * * LOW HITPOINT WARNING * * *
You feel better. Something hits you!
* * * LOW HITPOINT WARNING * * *
Something burns you.
You die...

^....+.............
#.....#........([)..
....##...##...[)##. ###+##
#...##+####.....##.
......##...##...'.........
................#......>..
................#.........
................#....)....
......##{@.##.####.##..##.
########...##.####.##..##.
#.......#...........
#.......#.........(.
#.......#...........
#.......#...........
##....#..#...##.....
###################


There were no monsters in sight!

Vanquished Creatures
  Grinder (D:3)
  2 water moccasins (D:7)
  2 ice beasts
  A sky beast (D:7)
  A hornet zombie (D:6)
  2 centaurs
  A phantom (Temple)
  3 kobold brigands
  A bullfrog (D:8)
  A gnoll sergeant (D:8)
  2 scorpions (D:4)
  A water moccasin zombie (D:5)
  A water moccasin skeleton (D:5)
  3 wights (D:7)
  A howler monkey (D:6)
  2 jellies (D:7)
  3 hounds
  A centaur skeleton (D:7)
  Crazy Yiuf (D:6)
  3 iguanas
  Ijyb (D:3)
  Natasha (thrice) (D:3)
  2 orc wizards (D:7)
  A hound zombie (D:5)
  2 howler monkey zombies
  Robin (D:3)
  8 gnolls
  5 adders
  2 howler monkey skeletons
  A shadow imp (D:6)
  2 white imps
  An adder skeleton (D:4)
  A worm (D:4)
  10 orcs
  6 endoplasms
  2 giant cockroaches
  14 goblins
  9 hobgoblins
  6 jackals (D:4)
  2 quokkas
  7 ball pythons
  5 bats
  A frilled lizard (D:3)
  24 kobolds
  5 rats
  A bush (D:2)
155 creatures vanquished.

Vanquished Creatures (others)
  2 plants (D:6)
2 creatures vanquished.

Grand Total: 157 creatures vanquished

Notes
Turn   | Place    | Note
-------+----------+-------------------------------------------
     0 | D:1      | MirrMurr the Gargoyle Berserker began the quest for the
                  | Orb.
     0 | D:1      | Reached XP level 1. HP: 14/14 MP: 1/1
    21 | D:1      | Found Fufoqiq's Jewellery Boutique.
   202 | D:1      | Found Ceevirut's Book Boutique.
   286 | D:1      | Reached XP level 2. HP: 14/19 MP: 2/2
   942 | D:1      | Reached XP level 3. HP: 23/23 MP: 3/3
  1590 | D:2      | Found a faded altar of an unknown god.
  1810 | D:2      | Reached ** piety under Trog
  2238 | D:3      | Reached XP level 4. HP: 29/29 MP: 4/4
  2330 | D:3      | Noticed Natasha
  2336 | D:3      | Killed Natasha
  2337 | D:3      | Reached skill level 4 in Fighting
  2370 | D:3      | Noticed Natasha
  2386 | D:3      | Killed Natasha
  2387 | D:3      | Reached XP level 5. HP: 33/33 MP: 5/5
  2682 | D:3      | Noticed Grinder
  2702 | D:3      | Killed Grinder
  2703 | D:3      | Reached XP level 6. HP: 39/39 MP: 6/6
  2712 | D:3      | Noticed Natasha
  2741 | D:3      | Killed Natasha
  3124 | D:3      | Noticed Robin
  3151 | D:3      | Killed Robin
  3279 | D:3      | Noticed Ijyb
  3292 | D:3      | Killed Ijyb
  3372 | D:4      | Found a staircase to the Ecumenical Temple.
  3397 | D:4      | Reached skill level 5 in Fighting
  3397 | D:4      | Reached XP level 7. HP: 44/44 MP: 7/7
  3404 | Temple   | Entered the Ecumenical Temple
  4187 | D:4      | You fall into a shaft and drop 3 floors!
  4252 | D:7      | Reached skill level 5 in Armour
  4437 | D:7      | Found a sand-covered staircase.
  4458 | D:6      | Reached XP level 8. HP: 51/51 MP: 8/8
  4567 | D:6      | Reached skill level 5 in Polearms
  4616 | D:5      | Entered Level 5 of the Dungeon
  4636 | D:5      | Reached skill level 6 in Fighting
  5030 | D:4      | Identified a scroll of acquirement
  5030 | D:4      | Acquired 683 gold pieces
  5218 | D:4      | Found Iluroll's Specific Store.
  5220 | D:4      | Found Jeho's General Store.
  5228 | D:4      | Bought a scroll of identify for 22 gold pieces
  5271 | D:4      | Reached *** piety under Trog
  6101 | D:5      | Identified the +0 dagger of Xirucenk {vorpal, rC+ Will+
                  | Int-3}
  6414 | D:6      | Found a blossoming altar of Fedhas.
  6448 | D:6      | Found a sparkling altar of Nemelex Xobeh.
  6722 | D:6      | Found a white marble altar of Elyvilon.
  6816 | D:6      | Found a runed translucent door.
  6817 | D:6      | Noticed Crazy Yiuf
  6929 | D:6      | Killed Crazy Yiuf
  7091 | D:7      | Reached skill level 1 in Throwing
  7091 | D:7      | Reached XP level 9. HP: 53/56 MP: 9/9
  7500 | D:7      | Reached skill level 7 in Fighting
  7798 | D:7      | Reached skill level 5 in Dodging
  8669 | D:8      | Noticed Erica
  8705 | D:8      | HP: 1/57 [something (15)]
  8705 | D:8      | Slain by Erica

Illustrated notes

Levels and vault maps discovered:
D:1:      nzn_arrival_crosshair, layout_basic, serial_shops, nicolae_shop_trees,
          shop
D:2:      layout_basic, chequers_ecumenical_altar_grove, serial_forest,
          infiniplex_forest_end_2, infiniplex_forest_join,
          infiniplex_forest_lined_room_3, infiniplex_forest_lined_2,
          infiniplex_forest_clump_diagonal, infiniplex_forest_lined_corner,
          infiniplex_forest_clump_small, infiniplex_forest_join
D:3:      layout_rooms, uniq_natasha, uniq_ijyb, uniq_robin, uniq_grinder
D:4:      layout_basic, temple_fountains, nicolae_specific_store,
          chequers_serial_rivers_small_b
D:5:      layout_basic
D:6:      layout_rooms, elyvilon_altar_1, nemelex_altar_shiori,
          mainiacjoe_overflow_catwalk, uniq_crazy_yiuf_cottage
D:7:      layout_cave_pods, nicolae_ossuary_entry_monument
D:8:      layout_gridville, serial_shops, shop, kennysheep_generic_room_8,
          uniq_maurice, uniq_prince_ribbit1, uniq_erica
Temple:   mainiacjoe_temple_coin_purse

Skill      XL: |  1  2  3  4  5  6  7  8  9 |
---------------+----------------------------+-----
Polearms       | 3 4 5 6 |  6.6
Dodging        | 2 3 4 5 |  5.1
Armour         | 3 4 5 6 |  6.8
Fighting       | 4 5 6 7 |  7.2
Throwing       | 1 2 |  2.2

Action                   |  1- 3 |  4- 6 |  7- 9 || total
-------------------------+-------+-------+-------++-------
Melee: Spear             |   259 |   153 |   579 ||   991
       Punch             |     5 |       |     8 ||    13
 Fire: Hunting sling     |       |     3 |    97 ||   100
Invok: Berserk           |     1 |     4 |    18 ||    23
       Trog's Hand       |       |     1 |       ||     1
  Use: Scroll            |     5 |       |    11 ||    16
       Potion            |       |       |     4 ||     4
 Stab: Sleeping          |     3 |       |       ||     3
Armor: Leather armour    |    19 |    43 |     6 ||    68
       Robe              |     3 |       |       ||     3
       Scale mail        |       |       |    33 ||    33
       Chain mail        |       |       |   251 ||   251
Dodge: Dodged            |    39 |    57 |   257 ||   353
Block: Kite shield       |       |       |     2 ||     2
